 Dungeon Sprint DCSS version 0.27.1-1-g398f81649c (webtiles) character file.

Game seed: 6438197787432966737

35000000 szrap the Archmage (level 27, -9/228 HPs)
             Began as a Djinni Warper on Sept 15, 2021.
             Was the Champion of Makhleb.
             Mangled by a vile (19 damage)
             ... in the Dungeon (Sprint VIII: "Arena of Blood").
             The game lasted 00:14:28 (350 turns).

szrap the Archmage (Djinni Warper)                   Turns: 350, Time: 00:14:29

Health: -9/228     AC:  6    Str: 10    XL:     27
Gold:   0          EV: 28    Int: 24    God:    Makhleb [******] SH:  0 Dex: 17

rFire    + + +     SeeInvis +   h - +∞ Axe of Woe
rCold    x . .     Faith    .   (shield currently unavailable)
rNeg     . . .     Spirit   .   a - +0 leather armour
rPois    ∞         Reflect  .   (no helmet)
rElec    .         Harm     .   (no cloak)
rCorr    .         Rampage  .   (no gloves)
Will     ++...     NoTele   +   (boots unavailable)
Stlth    +++.......             (no amulet)
HPRegen  0.48/turn              i - ring of see invisible
MPRegen  0.00/turn              j - ring of protection from fire

@: confused, flying, very slightly contaminated, hasted and slowed
A: sickness immunity, fire resistance 2, cold vulnerability 1, float, innate
caster, hp casting, extra vitality 1
a: Renounce Religion, Minor Destruction, Lesser Servant of Makhleb, Major
Destruction, Greater Servant of Makhleb


You were in the Dungeon.
You worshipped Makhleb.
Makhleb was exalted by your worship.
You visited 1 branch

Inventory:

Hand Weapons
 h - the +∞ Axe of Woe (weapon)
   (You found it in the Dungeon)
Missiles
 c - 5 boomerangs of dispersal (quivered)
Armour
 a - a +0 leather armour (worn)
Jewellery
 i - a ring of see invisible (left hand)
 j - a ring of protection from fire (right hand)
Scrolls
 b - 2 scrolls of blinking
Potions
 e - a potion of heal wounds
 g - a potion of berserk rage


   Skills:
 O Level 27 Fighting
 O Level 27 Short Blades
 O Level 27 Long Blades
 O Level 27 Axes
 O Level 27 Maces & Flails
 O Level 27 Polearms
 O Level 27 Staves
 O Level 27 Slings
 O Level 27 Bows
 O Level 27 Crossbows
 O Level 27 Throwing
 O Level 27 Armour
 O Level 27 Dodging
 O Level 27 Stealth
 O Level 27 Shields
 O Level 27 Unarmed Combat
 O Level 27 Spellcasting
 O Level 27 Invocations
 O Level 27 Evocations


You couldn't memorise any spells.
You knew the following spells:

 Your Spells              Type           Power      Damage    Failure   Level
a - Blink                 Tloc           N/A        N/A       0%          2
b - Lesser Beckoning      Tloc           52%        N/A       0%          3
c - Gell's Gravitas       Tloc           52%        N/A       0%          3
d - Teleport Other        Tloc           100%       N/A       0%          3
e - Manifold Assault      Tloc           100%       N/A       0%          5
f - Beastly Appendage     Tmut           100%       N/A       0%          1
g - Poisonous Vapours     Pois/Air       100%       N/A       0%          2
h - Stone Arrow           Conj/Erth      100%       3d13      0%          3
i - Call Canine Familiar  Summ           100%       N/A       0%          3
j - Cause Fear            Hex            52%        N/A       0%          4
k - Alistair's Intoxicat  Tmut/Pois      69%        N/A       0%          5
l - Conjure Ball Lightni  Conj/Air       52%        3x3d18    0%          6
m - Shadow Creatures      Summ           N/A        N/A       0%          6
n - Invisibility          Hex            52%        N/A       0%          6
o - Ignition              Fire           52%        3d14      1%          8
p - Malign Gateway        Summ/Tloc      52%        N/A       0%          7
q - Polar Vortex          Ice            52%        N/A       1%          9
r - Death's Door          Necr           52%        N/A       1%          9
Your spell library was empty.

Dungeon Overview and Level Annotations

Branches:
Dungeon (1/1)

Altars:
Makhleb


Innate Abilities, Weirdness & Mutations

You are immune to sickness and miasma.
You are immune to poison.
Your flesh is very heat resistant. (rF++)
You are vulnerable to cold. (rC-)
You float through the air rather than walking.
You learn spells naturally, not from books.
Your magical power is your life essence.
You have superior vitality. (+4 HP)


Message History

You slice the dread!!
You cleave the dread in twain.
You destroy the dread!
Makhleb accepts your kill.
You hear a shout!
The scourge throws poison sting at you. The poison arrow misses you.
The vile throws damnation at you.
The sphere of damnation explodes!
The damnation engulfs you!
You hear a shout! x5
A sea snake, a molten gargoyle and a vampire knight come into view.
The destroyer is wielding a +9 vorpal great sword.
The destroyer shouts!
The scourge hisses angrily.
You hear a shout!
The vile hits you with a +0 flail!
You are engulfed in flames!!
You resist.
* * * LOW HITPOINT WARNING * * *
You hear a shout!
The eight-headed meat hydra calls on the powers of darkness!
The eight-headed meat hydra convulses! x2; The bag of meat convulses!
Your body is wracked with pain!
* * * LOW HITPOINT WARNING * * *
The scourge convulses! x2; You barely resist.
You hear a grinding noise.
You hear a shout!
You are more confused.
You hear a shout!
The eight-headed meat hydra calls on the powers of darkness!
The eight-headed meat hydra convulses! x2; The bag of meat convulses!
Your body is wracked with pain!
* * * LOW HITPOINT WARNING * * *
The scourge convulses! x2
You hear a shout!
Things that are here:
a +0 mace; a +9 war axe; a +30 ring of slaying You're too confused to move!
Some rock shatters into small pieces.
You hear a shout!
A vile comes into view. It is wielding a +0 flail.
The eight-headed meat hydra calls on the powers of darkness!
The eight-headed meat hydra convulses! x2; The bag of meat convulses!
Your body is wracked with pain!
* * * LOW HITPOINT WARNING * * *
The scourge convulses! x2; The vile hits you with a +0 flail!!
You die...

...
....###.....#
...
.....))))...#
...
#.#.))).....##
. .
).))))..)..#
...))...).## .
...)....S.###
...
#.#.)..))...#
##.
..)D)D99).##
..))9o.@)##
.))))))..#
.))).))..#
.))L)).9.#
.)S).#9..#
..)).....#
.V.. .9..#
.#.9.....#


You could see a tyrant, 2 eight-headed meat hydras, a destroyer, 2 scourges, 7
viles and a bag of meat.

Vanquished Creatures
  66 molten gargoyles (D)
  A slime creature (D)
  18 hell knights (D)
  Sigmund (D)
  9 hell beasts (D)
  3 royal mummies (D)
  18 great orbs of eyes (D)
  14 wraiths (D)
  17 vampire knights (D)
  35 ogres (D)
  5 two-headed ogres (D)
  5 liches (D)
  14 hydras (D)
  78 orcs (D)
  17 phantoms (D)
  6 skeletal warriors (D)
  17 sea snakes (D)
324 creatures vanquished.

Notes
Turn   | Place    | Note
-------+----------+-------------------------------------------
     0 | D        | Found the +∞ Axe of Woe
     0 | D        | szrap the Djinni Warper began the quest for the Orb.
     0 | D        | Reached XP level 1. HP: 18/18 MP: 0/0
     1 | D        | Noticed a bag of meat
     2 | D        | Noticed a bag of meat
     3 | D        | Became a worshipper of Makhleb the Destroyer
     6 | D        | Noticed a bag of meat
     6 | D        | Noticed a bag of meat
     7 | D        | Noticed a bag of meat
     8 | D        | Noticed a meat berserker
     8 | D        | Noticed a bag of meat
     8 | D        | Noticed a bag of meat
     9 | D        | Noticed a bag of meat
     9 | D        | Noticed a bag of meat
    10 | D        | Killed a bag of meat
    10 | D        | Killed a bag of meat
    10 | D        | Reached * piety under Makhleb
    10 | D        | Noticed a bag of meat
    10 | D        | Noticed a bag of meat
    10 | D        | Noticed a bag of meat
    10 | D        | Noticed a bag of meat
    10 | D        | Noticed a bag of meat
    10 | D        | Noticed a bag of meat
    11 | D        | Reached XP level 2. HP: 18/39 MP: 0/0
    11 | D        | Reached XP level 3. HP: 21/44 MP: 0/0
    11 | D        | Learned a level 1 spell: Beastly Appendage
    11 | D        | Reached XP level 4. HP: 24/50 MP: 0/0
    11 | D        | Reached XP level 5. HP: 26/56 MP: 0/0
    11 | D        | Learned a level 2 spell: Poisonous Vapours
    11 | D        | Reached XP level 6. HP: 29/62 MP: 0/0
    11 | D        | Reached XP level 7. HP: 32/67 MP: 0/0
    11 | D        | Learned a level 3 spell: Stone Arrow
    11 | D        | Reached XP level 8. HP: 35/74 MP: 0/0
    11 | D        | Reached XP level 9. HP: 37/79 MP: 0/0
    11 | D        | Learned a level 3 spell: Call Canine Familiar
    11 | D        | Reached XP level 10. HP: 40/85 MP: 0/0
    11 | D        | Reached XP level 11. HP: 43/90 MP: 0/0
    11 | D        | Learned a level 4 spell: Cause Fear
    11 | D        | Reached XP level 12. HP: 46/96 MP: 0/0
    11 | D        | Reached XP level 13. HP: 49/102 MP: 0/0
    11 | D        | Learned a level 5 spell: Alistair's Intoxication
    11 | D        | Noticed a bag of meat
    11 | D        | Noticed a bag of meat
    11 | D        | Noticed a bag of meat
    12 | D        | Killed a bag of meat
    12 | D        | Killed a bag of meat
    12 | D        | Noticed a bag of meat
    12 | D        | HP: 3/102 [meat berserker (70)]
    12 | D        | Noticed a bag of meat
    12 | D        | Noticed a bag of meat
    12 | D        | Noticed a bag of meat
    12 | D        | Noticed a bag of meat
    13 | D        | Reached XP level 14. HP: 4/112 MP: 0/0
    13 | D        | Reached XP level 15. HP: 4/118 MP: 0/0
    13 | D        | Learned a level 6 spell: Conjure Ball Lightning
    13 | D        | Killed a meat berserker
    13 | D        | Reached ** piety under Makhleb
    13 | D        | Reached *** piety under Makhleb
    14 | D        | Reached XP level 16. HP: 73/134 MP: 0/0
    14 | D        | Reached XP level 17. HP: 76/139 MP: 0/0
    14 | D        | Learned a level 6 spell: Shadow Creatures
    14 | D        | Reached **** piety under Makhleb
    14 | D        | Noticed a meat berserker
    15 | D        | Reached skill level 27 in Spellcasting
    15 | D        | Reached XP level 18. HP: 28/151 MP: 0/0
    15 | D        | Reached ***** piety under Makhleb
    15 | D        | Noticed a meat berserker
    16 | D        | Reached XP level 19. HP: 54/166 MP: 0/0
    16 | D        | Learned a level 6 spell: Invisibility
    16 | D        | Noticed a meat berserker
    17 | D        | Reached skill level 27 in Axes
    17 | D        | Reached skill level 10 in Throwing
    17 | D        | Reached skill level 10 in Armour
    17 | D        | Reached XP level 20. HP: 129/180 MP: 0/0
    17 | D        | Noticed a meat berserker
    17 | D        | Noticed a large bag of meat
    18 | D        | Killed a meat berserker
    19 | D        | Reached skill level 27 in Fighting
    19 | D        | Reached skill level 15 in Armour
    19 | D        | Reached skill level 27 in Dodging
    19 | D        | Reached XP level 21. HP: 132/187 MP: 0/0
    19 | D        | Learned a level 8 spell: Ignition
    19 | D        | Killed a meat berserker
    19 | D        | Reached ****** piety under Makhleb
    20 | D        | Reached skill level 27 in Unarmed Combat
    20 | D        | Reached XP level 22. HP: 194/194 MP: 0/0
    20 | D        | Noticed a meat berserker
    20 | D        | Noticed a meat berserker
    22 | D        | Noticed a meat berserker
    24 | D        | Noticed a meat berserker
    24 | D        | Noticed a meat berserker
    24 | D        | Noticed a meat berserker
    24 | D        | Noticed a destroyer
    25 | D        | Noticed a large bag of meat
    25 | D        | Noticed a meat berserker
    26 | D        | Killed a meat berserker
    28 | D        | Noticed a destroyer
    29 | D        | Noticed a destroyer
    29 | D        | Noticed a destroyer
    30 | D        | Noticed a destroyer
    32 | D        | Noticed a destroyer
    32 | D        | Killed a meat berserker
    32 | D        | Killed a large bag of meat
    33 | D        | Reached skill level 27 in Armour
    33 | D        | Reached XP level 23. HP: 189/201 MP: 0/0
    33 | D        | Learned a level 7 spell: Malign Gateway
    33 | D        | Killed a destroyer
    34 | D        | Reached skill level 27 in Throwing
    34 | D        | Reached skill level 27 in Stealth
    34 | D        | Reached XP level 24. HP: 206/208 MP: 0/0
    34 | D        | Killed a destroyer
    34 | D        | Killed a destroyer
    34 | D        | Killed a destroyer
    34 | D        | Killed a destroyer
    35 | D        | Reached skill level 15 in Short Blades
    35 | D        | Reached skill level 15 in Shields
    35 | D        | Reached skill level 15 in Invocations
    35 | D        | Reached skill level 15 in Evocations
    35 | D        | Reached XP level 25. HP: 207/214 MP: 0/0
    35 | D        | Learned a level 9 spell: Polar Vortex
    35 | D        | Reached XP level 26. HP: 214/221 MP: 0/0
    37 | D        | Killed a destroyer
    38 | D        | Reached skill level 15 in Maces & Flails
    38 | D        | Reached skill level 15 in Polearms
    38 | D        | Reached skill level 15 in Slings
    38 | D        | Reached skill level 15 in Bows
    38 | D        | Reached skill level 15 in Crossbows
    38 | D        | Reached XP level 27. HP: 228/228 MP: 0/0
    38 | D        | Learned a level 9 spell: Death's Door
    47 | D        | Noticed a tyrant
    48 | D        | Noticed an accursed
    48 | D        | Noticed a destroyer
    49 | D        | Killed a tyrant
    53 | D        | Noticed a tyrant
    53 | D        | Killed a tyrant
    55 | D        | Noticed a tyrant
    55 | D        | Noticed a destroyer
    56 | D        | Killed a tyrant
    56 | D        | Killed a destroyer
    57 | D        | Noticed a large bag of meat
    58 | D        | Killed a large bag of meat
    59 | D        | Noticed a dread
    59 | D        | Killed a dread
    60 | D        | Reached skill level 27 in Shields
    60 | D        | Reached skill level 27 in Invocations
    60 | D        | Reached skill level 27 in Evocations
    61 | D        | Reached skill level 27 in Short Blades
    63 | D        | Reached skill level 27 in Long Blades
    63 | D        | Reached skill level 27 in Staves
    65 | D        | Noticed a destroyer
    66 | D        | Reached skill level 27 in Maces & Flails
    66 | D        | Reached skill level 27 in Polearms
    66 | D        | Reached skill level 27 in Slings
    66 | D        | Reached skill level 27 in Bows
    66 | D        | Reached skill level 27 in Crossbows
    66 | D        | Killed a destroyer
    66 | D        | Noticed a destroyer
    68 | D        | Killed a destroyer
    69 | D        | Noticed a destroyer
    70 | D        | Killed a destroyer
    73 | D        | Noticed a destroyer
    74 | D        | Killed a destroyer
    75 | D        | Noticed a large bag of meat
    76 | D        | Killed a large bag of meat
    80 | D        | Noticed a destroyer
    81 | D        | Killed a destroyer
    82 | D        | Noticed an accursed
    83 | D        | Killed an accursed
    91 | D        | Noticed an accursed
    92 | D        | Killed an accursed
    98 | D        | Noticed a tyrant
    99 | D        | Killed a tyrant
   118 | D        | Noticed a fleshlord
   118 | D        | Killed a fleshlord
   119 | D        | Noticed a fleshlord
   119 | D        | Killed a fleshlord
   121 | D        | Noticed a meat beast
   122 | D        | Killed a meat beast
   123 | D        | Noticed a fleshlord
   123 | D        | Killed a fleshlord
   129 | D        | Noticed a fleshlord
   130 | D        | Killed a fleshlord
   146 | D        | Noticed a dread
   146 | D        | Killed a dread
   147 | D        | Noticed a meat beast
   147 | D        | Killed a meat beast
   147 | D        | Noticed a destroyer
   156 | D        | Killed a destroyer
   166 | D        | Noticed a dread
   168 | D        | Killed a dread
   169 | D        | Noticed a dread
   170 | D        | Killed a dread
   178 | D        | Noticed a fleshlord
   183 | D        | Killed a fleshlord
   219 | D        | Noticed a dread
   220 | D        | Killed a dread
   221 | D        | Noticed a vile
   221 | D        | Killed a vile
   223 | D        | Noticed a fleshlord
   224 | D        | Killed a fleshlord
   226 | D        | Noticed a vile
   226 | D        | Killed a vile
   237 | D        | Noticed a vile
   238 | D        | Killed a vile
   240 | D        | Noticed a vile
   245 | D        | Noticed a dread
   245 | D        | Killed a dread
   246 | D        | Noticed a fleshlord
   246 | D        | Noticed a dread
   247 | D        | Killed a vile
   247 | D        | Killed a fleshlord
   247 | D        | Killed a dread
   253 | D        | Noticed a vile
   253 | D        | Killed a vile
   257 | D        | Noticed a vile
   257 | D        | Killed a vile
   258 | D        | Noticed a vile
   260 | D        | Noticed a meat beast
   261 | D        | Noticed a dread
   261 | D        | Killed a vile
   261 | D        | Killed a dread
   263 | D        | Noticed a vile
   263 | D        | Killed a vile
   263 | D        | Noticed a vile
   264 | D        | Noticed a dread
   264 | D        | Noticed a vile
   264 | D        | Noticed a vile
   265 | D        | Killed a dread
   265 | D        | Killed a vile
   265 | D        | Noticed a destroyer
   266 | D        | Killed a vile
   266 | D        | Killed a vile
   266 | D        | Killed a meat beast
   267 | D        | Noticed a vile
   267 | D        | Killed a destroyer
   267 | D        | Killed a vile
   268 | D        | Noticed a vile
   269 | D        | Killed a vile
   269 | D        | Noticed a dread
   270 | D        | Noticed a vile
   271 | D        | Killed a vile
   271 | D        | Killed a dread
   272 | D        | Noticed a vile
   273 | D        | Killed a vile
   277 | D        | Noticed a destroyer
   277 | D        | Noticed a meat beast
   278 | D        | Noticed a large bag of meat
   278 | D        | Noticed a large bag of meat
   279 | D        | Noticed a vile
   279 | D        | Killed a meat beast
   279 | D        | Noticed a meat beast
   279 | D        | Noticed a tyrant
   280 | D        | Killed a tyrant
   280 | D        | Killed a large bag of meat
   280 | D        | Noticed a fleshlord
   280 | D        | Noticed a fleshlord
   281 | D        | Killed a meat beast
   281 | D        | Killed a destroyer
   281 | D        | Killed a fleshlord
   281 | D        | Killed a large bag of meat
   282 | D        | Killed a vile
   282 | D        | Killed a fleshlord
   283 | D        | Noticed a vile
   283 | D        | Killed a vile
   283 | D        | Noticed a meat beast
   283 | D        | Noticed a fleshlord
   284 | D        | Killed a fleshlord
   284 | D        | Killed a meat beast
   284 | D        | Noticed a fleshlord
   284 | D        | Noticed a vile
   284 | D        | Noticed a fleshlord
   285 | D        | Killed a vile
   285 | D        | Killed a fleshlord
   285 | D        | Noticed a vile
   286 | D        | Noticed a vile
   287 | D        | Killed a fleshlord
   287 | D        | Killed a vile
   287 | D        | Noticed a vile
   289 | D        | Killed a vile
   289 | D        | Killed a vile
   289 | D        | Noticed a vile
   290 | D        | Killed a vile
   292 | D        | Noticed a vile
   292 | D        | Killed a vile
   292 | D        | Noticed a vile
   292 | D        | Noticed a destroyer
   293 | D        | Noticed a fleshlord
   293 | D        | Killed a destroyer
   293 | D        | Killed a fleshlord
   293 | D        | Killed a vile
   293 | D        | Noticed a vile
   293 | D        | Noticed a vile
   294 | D        | Killed a vile
   294 | D        | Noticed a meat beast
   294 | D        | Noticed a vile
   294 | D        | Noticed a dread
   295 | D        | Noticed a vile
   295 | D        | Killed a dread
   295 | D        | Killed a vile
   295 | D        | Killed a vile
   295 | D        | Noticed a vile
   295 | D        | Noticed a vile
   297 | D        | Noticed a vile
   297 | D        | Killed a vile
   297 | D        | Killed a vile
   297 | D        | Noticed a meat beast
   297 | D        | Noticed a fleshlord
   297 | D        | Noticed a vile
   298 | D        | Killed a fleshlord
   298 | D        | Killed a vile
   298 | D        | Killed a vile
   298 | D        | Killed a meat beast
   298 | D        | Noticed a destroyer
   299 | D        | Killed a destroyer
   299 | D        | Noticed a vile
   300 | D        | Noticed a vile
   300 | D        | Noticed a fleshlord
   300 | D        | Killed a fleshlord
   300 | D        | Killed a vile
   300 | D        | Killed a vile
   301 | D        | Killed a vile
   301 | D        | Noticed a dread
   302 | D        | Killed a dread
   302 | D        | Noticed a vile
   303 | D        | Noticed a vile
   303 | D        | Killed a vile
   303 | D        | Killed a vile
   303 | D        | Killed a meat beast
   304 | D        | Noticed a vile
   304 | D        | Noticed The Captor
   305 | D        | Killed a vile
   305 | D        | Killed The Captor
   305 | D        | Noticed a fleshlord
   306 | D        | Killed a fleshlord
   306 | D        | Noticed an accursed
   307 | D        | Killed an accursed
   307 | D        | Noticed a vile
   308 | D        | Killed a vile
   309 | D        | Noticed a vile
   310 | D        | Killed a vile
   312 | D        | Noticed a meat beast
   313 | D        | Noticed a fleshlord
   313 | D        | Noticed a vile
   313 | D        | Killed a fleshlord
   313 | D        | Killed a vile
   313 | D        | Noticed a vile
   313 | D        | Noticed a vile
   314 | D        | Noticed a vile
   314 | D        | Killed a vile
   314 | D        | Killed a vile
   314 | D        | Killed a vile
   314 | D        | Noticed a vile
   314 | D        | Noticed a dread
   315 | D        | Noticed a vile
   316 | D        | Killed a vile
   316 | D        | Killed a dread
   317 | D        | Noticed a vile
   317 | D        | Killed a vile
   317 | D        | Killed a vile
   317 | D        | Noticed a vile
   317 | D        | Noticed a fleshlord
   318 | D        | Noticed a vile
   318 | D        | Killed a meat beast
   318 | D        | Killed a vile
   318 | D        | Killed a vile
   318 | D        | Killed a fleshlord
   318 | D        | Noticed a vile
   318 | D        | Noticed a vile
   319 | D        | Killed a vile
   319 | D        | Killed a vile
   319 | D        | Noticed a vile
   319 | D        | Noticed a vile
   320 | D        | Killed a vile
   320 | D        | Killed a vile
   324 | D        | Noticed a vile
   325 | D        | Noticed a vile
   325 | D        | Killed a vile
   328 | D        | Noticed a vile
   329 | D        | Killed a vile
   332 | D        | Noticed a vile
   333 | D        | Killed a vile
   335 | D        | Noticed a vile
   336 | D        | Killed a vile
   337 | D        | Noticed a vile
   337 | D        | Noticed a vile
   337 | D        | Noticed a vile
   337 | D        | Noticed a vile
   338 | D        | Noticed a vile
   338 | D        | Killed a vile
   338 | D        | Killed a vile
   338 | D        | Noticed The Unspeakable
   339 | D        | Noticed a vile
   339 | D        | Noticed a vile
   339 | D        | Noticed a vile
   339 | D        | Noticed a vile
   339 | D        | Noticed a dread
   340 | D        | Noticed a vile
   342 | D        | Killed a vile
   342 | D        | Killed a vile
   343 | D        | Killed a vile
   343 | D        | Killed a vile
   344 | D        | Killed The Unspeakable
   344 | D        | Killed a vile
   344 | D        | Killed a vile
   344 | D        | Noticed a vile
   345 | D        | Noticed a tyrant
   346 | D        | Killed a vile
   346 | D        | Killed a vile
   347 | D        | Noticed a vile
   347 | D        | Noticed a vile
   347 | D        | Noticed a vile
   348 | D        | Killed a dread
   349 | D        | Noticed a destroyer
   349 | D        | Noticed a vile
   350 | D        | Noticed a vile
   350 | D        | HP: 10/228 [??? (8)]
   350 | D        | Mangled by a vile

Illustrated notes

Levels and vault maps discovered:
D:        meatsprint

Skill      XL: |  1  2  3  4  5  6  7  8  9 10 11 12 13 14 15 16 17 18 19 20 21 22 23 24 25 26 27 |
---------------+----------------------------------------------------------------------------------+-----
Fighting       | 12 14 18 20 24 26 27 | 27.0
Axes           | 7 9 16 19 24 27 | 27.0
Throwing       | 4 6 8 10 13 16 22 27 | 27.0
Armour         | 3 4 6 8 10 15 21 27 | 27.0
Dodging        | 12 14 17 18 20 22 27 | 27.0
Unarmed Combat | 11 13 16 18 19 20 24 27 | 27.0
Spellcasting   | 19 21 26 27 | 27.0
Stealth        | 12 23 27 | 27.0
Short Blades   | 15 17 27 | 27.0
Long Blades    | 14 17 27 | 27.0
Maces & Flails | 13 15 27 | 27.0
Polearms       | 13 15 27 | 27.0
Staves         | 14 17 27 | 27.0
Slings         | 13 15 27 | 27.0
Bows           | 13 15 27 | 27.0
Crossbows      | 13 15 27 | 27.0
Shields        | 15 18 27 | 27.0
Invocations    | 15 18 27 | 27.0
Evocations     | 15 18 27 | 27.0

Action                   |  1- 3 |  4- 6 |  7- 9 | 10-12 | 13-15 | 16-18 | 19-21 | 22-24 | 25-27 || total
-------------------------+-------+-------+-------+-------+-------+-------+-------+-------+-------++-------
Melee: Executioner's axe |     1 |       |       |       |     2 |     4 |     3 |     9 |   279 ||   298
 Cast: Manifold Assault  |       |       |       |       |       |     1 |       |     2 |   137 ||   140
       Invisibility      |       |       |       |       |       |       |     1 |       |     2 ||     3
       Blink             |       |       |       |       |       |       |       |     1 |       ||     1
  Use: Potion            |       |       |       |       |       |       |       |       |     2 ||     2
 Stab: Invisible         |       |       |       |       |       |       |     1 |       |     1 ||     2
       Distracted        |       |       |       |       |       |       |       |       |     1 ||     1
Armor: Leather armour    |       |       |       |       |       |       |       |       |     1 ||     1
Dodge: Dodged            |       |       |       |       |       |       |       |     1 |     2 ||     3
